[Event "Gibraltar Challengers B 2020"]
[Site "Caleta"]
[Date "2020.01.27"]
[Round "3.38"]
[White "Erdogan, Hassan"]
[Black "Aura, Kristian"]
[Result "1/2-1/2"]
[ECO "D04"]
[WhiteElo "1830"]
[BlackElo "1928"]
[Annotator "NA"]
[PlyCount "53"]
[EventDate "2020.01.20"]
[EventType "swiss"]
[EventCountry "GGB"]
[SourceTitle "playchess.com"]
[Source "ChessBase"]
[SourceQuality "1"]
[TimeControl "6600+10"]

1. d4 d5 2. Nf3 Nf6 3. e3 c6 4. Bd3 Bg4 5. Nbd2 Nbd7 6. c3 (6. h3 $11 Bxf3 7. Nxf3) 6... e5 7. dxe5 Nxe5 8. Be2 Nxf3+ 9. Nxf3 Bd6 10. O-O O-O 11. h3 Bxf3 12. Bxf3 Re8 13. b3 Qe7 14. Bb2 Ne4 15. Bxe4 Qxe4 16. c4 Be5 17. Bxe5 Rxe5 18. cxd5 Rxd5 19. Qe2 $15 a5 20. Rfd1 Rad8 21. Rxd5 Qxd5 22. Rc1 Qd2 23. Rc2 Qb4 24. Rc4 Qd2 25. Rc2 Qb4 26. Rc4 Qd2 27. Rc2 1/2-1/2

[Event "Gibraltar Challengers B 2020"]
[Site "Caleta"]
[Date "2020.01.27"]
[Round "3.39"]
[White "Fischer, Robert"]
[Black "Garcia-Blazquez Perez, Manuel"]
[Result "1-0"]
[ECO "B23"]
[WhiteElo "1923"]
[BlackElo "1825"]
[Annotator "NA"]
[PlyCount "63"]
[EventDate "2020.01.20"]
[EventType "swiss"]
[EventCountry "GGB"]
[SourceTitle "playchess.com"]
[Source "ChessBase"]
[SourceQuality "1"]
[TimeControl "6600+10"]

1. e4 c5 2. Nc3 g6 3. d4 cxd4 4. Qxd4 Nf6 5. e5 Nc6 6. Qf4 {[%emt 0:01:17] B23: Closed Sicilian: Lines without g3} Nh5 7. Qe4 Bg7 $146 ({Predecessor:} 7... d6 8. Bb5 dxe5 9. Nf3 Bd7 10. Bg5 h6 11. Bh4 Nf6 12. Bxf6 exf6 {0-1 (46) Caruana,F (2802)-Hou,Y (2652) chess.com INT 2017}) 8. g4 d5 9. Nxd5 Bxg4 10. Ne3 Qa5+ 11. Bd2 Qxe5 12. Qxg4 f5 13. Qa4 f4 14. Bc3 Qc5 15. Qc4 Bxc3+ 16. bxc3 Qa3 17. Nd5 O-O-O 18. Rb1 Rxd5 19. Qxd5 Qxc3+ 20. Qd2 Qe5+ 21. Be2 Rd8 22. Nf3 Qe4 23. Qc3 e5 24. Qc4 Qf5 25. Bd3 e4 26. Qxe4 Qa5+ 27. Kf1 Qxa2 28. Kg2 g5 29. Bc4 Qa5 30. Qe6+ Kc7 {[%emt 0:00:45] [#]} 31. Qf7+ $1 {[%emt 0:01:24] Double Attack} Rd7 {[%emt 0:00:05] [#]} 32. Rxb7+ 1-0

[Event "Gibraltar Challengers B 2020"]
[Site "Caleta"]
[Date "2020.01.27"]
[Round "3.40"]
[White "Gonzalvez Tamarit, Ivan"]
[Black "Olufemi, George"]
[Result "1-0"]
[ECO "B70"]
[WhiteElo "1918"]
[BlackElo "1803"]
[Annotator "NA"]
[PlyCount "51"]
[EventDate "2020.01.20"]
[EventType "swiss"]
[EventCountry "GGB"]
[SourceTitle "playchess.com"]
[Source "ChessBase"]
[SourceQuality "1"]
[TimeControl "6600+10"]

1. d4 g6 2. Nf3 Bg7 3. g3 c5 4. Bg2 cxd4 5. Nxd4 Nc6 6. Nb3 Nf6 7. O-O O-O 8. e4 d6 9. Nc3 a5 {[%emt 0:04:13] B70: Sicilian Dragon: 6 g3 and 6 Be2 (without a later Be3)} (9... Bg4 10. f3 Be6 11. f4 a5 12. a4 Nb4 13. Kh1 Qb6 14. Ra3 Rac8 15. h3 d5 16. f5 Bd7 17. fxg6 fxg6 {½-½ (43) Korobov,A (2652)-Safarli,E (2639) Riadh 2017}) 10. a4 Bg4 11. f3 Be6 12. Be3 Ne5 $146 ({Black should play} 12... d5 $11) ({Predecessor:} 12... Qd7 13. Nd4 Bh3 14. Nd5 Nxd5 15. exd5 Ne5 16. b3 Bxg2 17. Kxg2 {1-0 (62) Korpa,B (2461)-Kaczmarek,A (2325) Katowice 2016}) 13. Nd4 Bc4 14. Re1 Rc8 15. Kh1 Be6 16. Nxe6 fxe6 {[%emt 0:00:05] [#]} 17. Bh3 $1 Kf7 18. Bd4 Rc4 19. f4 Nc6 (19... Neg4 $16) 20. Bxf6 Bxf6 {[%emt 0:02:28] [#]} 21. Bxe6+ $1 {[%emt 0:00:46] Remove Defender, Decoy} Kxe6 22. Qd5+ Kd7 23. Qxc4 Qb6 $2 (23... Bxc3 24. Qxc3 e5) 24. e5 Bxe5 25. fxe5 Rf2 $18 26. exd6 1-0

[Event "Gibraltar Challengers B 2020"]
[Site "Caleta"]
[Date "2020.01.27"]
[Round "3.41"]
[White "Johnsen, Sylvia"]
[Black "Kunnavakkam, Sudarshanagopal Vin"]
[Result "0-1"]
[ECO "B25"]
[WhiteElo "1902"]
[BlackElo "1786"]
[Annotator "NA"]
[PlyCount "104"]
[EventDate "2020.01.20"]
[EventType "swiss"]
[EventCountry "GGB"]
[SourceTitle "playchess.com"]
[Source "ChessBase"]
[SourceQuality "1"]
[TimeControl "6600+10"]

1. e4 c5 2. Nc3 Nc6 3. g3 g6 4. Bg2 Bg7 5. d3 d6 6. Nge2 e6 7. O-O Nge7 8. Bg5 Qd7 9. f4 Rb8 10. g4 f5 11. h3 O-O 12. Qd2 b5 13. a3 a6 14. Rae1 Bb7 15. Nd1 Rbe8 16. b4 cxb4 17. axb4 e5 18. Nf2 d5 19. exf5 gxf5 20. fxe5 Nxe5 21. d4 Nc4 22. Qf4 Nc6 ({Better is} 22... Ng6 $11 23. Qg3 {[#]} f4 $1 24. Nxf4 Bxd4 25. Rxe8 Qxe8) 23. Nd3 (23. gxf5 $1 $14 Nxb4 24. f6 Nxc2 25. Qh4) 23... fxg4 24. Qxg4 Qxg4 25. hxg4 Nxd4 26. Rxf8+ Kxf8 27. Rf1+ Kg8 28. Nef4 $2 (28. Nxd4 $17 {was called for.} Bxd4+ 29. Kh2) 28... h6 ({Not} 28... Nxc2 29. Nxd5 Kh8 30. Nc7 $17) 29. Bh4 Ne3 ({Don't do} 29... Nxc2 30. Nxd5 Bd4+ 31. Bf2 $17) 30. Rc1 Nxg4 31. c3 Nf5 32. Bf2 Nxf2 33. Kxf2 Nd6 34. Bxd5+ Bxd5 35. Nxd5 Ne4+ 36. Kf3 Nd2+ 37. Kg4 Re4+ 38. N3f4 Rc4 39. Kf5 Ne4 40. Kg6 Rc6+ 41. Kf5 Nd6+ 42. Ke6 Nc4+ 43. Kd7 Rd6+ 44. Kc7 Be5 45. Ne7+ $2 (45. Kb7 $17) 45... Kf7 46. Nc6 Bxf4 47. Rf1 Rf6+ 48. Kb7 Nd6+ 49. Kxa6 $19 h5 50. c4 bxc4 51. b5 c3 52. b6 c2 0-1

[Event "Gibraltar Challengers B 2020"]
[Site "Caleta"]
[Date "2020.01.27"]
[Round "3.42"]
[White "O`Neil, Jim"]
[Black "Lafour, Jephte"]
[Result "1-0"]
[ECO "B01"]
[WhiteElo "1870"]
[BlackElo "1690"]
[Annotator "NA"]
[PlyCount "55"]
[EventDate "2020.01.20"]
[EventType "swiss"]
[EventCountry "GGB"]
[SourceTitle "playchess.com"]
[Source "ChessBase"]
[SourceQuality "1"]
[TimeControl "6600+10"]

1. e4 d5 2. exd5 Qxd5 3. Nf3 Nf6 4. Be2 c6 (4... Bf5 5. d4 c6 6. O-O e6 7. c4 Qd6 8. Nh4 Bg6 9. Nc3 Be7 10. g3 O-O 11. Nxg6 hxg6 12. Bf4 {½-½ (25) Lupulescu,C (2620)-Laznicka,V (2654) Germany 2018}) 5. c4 Qd8 6. Nc3 {[%emt 0:02:01] B01: Scandinavian Defence} Bg4 7. O-O e6 8. d4 Bb4 9. Qb3 Bxc3 $146 ({Predecessor:} 9... Qe7 10. Bf4 Bxc3 11. bxc3 O-O 12. Rfb1 b6 13. a4 Nbd7 14. h3 Bf5 {1-0 (28) Tsoi,D (1853)-Hidalgo Minano,F Maribor 2012}) 10. Qxc3 h6 11. b3 Na6 12. Ba3 Ne4 13. Qe3 Nf6 14. Rad1 Qa5 15. b4 Qf5 16. b5 Nc7 $2 (16... cxb5 17. h3 (17. cxb5 Nc7 $16) 17... Bxf3) 17. bxc6 bxc6 18. d5 cxd5 19. Qc5 O-O-O 20. Nd4 Ne4 21. Qxa7 Qg5 22. Bxg4 Nd2 {[%emt 0:02:10] [#]} 23. Rb1 $1 Nxb1 24. Rxb1 Qxg4 25. Rb8+ Kd7 26. Qa4+ Nb5 27. Qxb5+ {[%emt 0:00:12] Double Attack} Kc7 28. Qb7# 1-0

[Event "Gibraltar Challengers B 2020"]
[Site "Caleta"]
[Date "2020.01.27"]
[Round "3.43"]
[White "Tkadlecek, Petr"]
[Black "Niharika, Ch"]
[Result "0-1"]
[ECO "D02"]
[WhiteElo "1775"]
[BlackElo "1865"]
[Annotator "NA"]
[PlyCount "86"]
[EventDate "2020.01.20"]
[EventType "swiss"]
[EventCountry "GGB"]
[SourceTitle "playchess.com"]
[Source "ChessBase"]
[SourceQuality "1"]
[TimeControl "6600+10"]

1. d4 Nf6 2. Nf3 e6 3. Bf4 d5 4. e3 c5 5. c3 Nc6 6. Bd3 Bd6 7. Bg5 O-O 8. Bc2 Re8 9. b3 cxd4 10. Nxd4 a6 11. O-O Ne5 12. a4 Ned7 13. Nd2 Qc7 14. g3 Qxc3 15. Rc1 Qa5 16. Re1 Bb4 17. Re2 e5 18. Bxf6 Nxf6 19. Nf5 e4 20. Nd4 Bg4 21. f3 Bxd2 22. Rxd2 exf3 23. Kf2 Rac8 24. Bb1 Rc3 25. Rxc3 Qxc3 26. Qe1 g6 27. h3 Bxh3 28. Kxf3 Ng4 29. Re2 Ne5+ 30. Kf2 Qc7 31. Qh1 Bg4 32. Re1 Qe7 33. Qxd5 h5 34. Qe4 h4 35. Qf4 h3 36. Qe4 Bd7 37. Qxb7 Ng4+ {[%emt 0:02:40] Discovered Attack} 38. Kg1 Qd6 39. Qf3 {[%emt 0:01:33] [#]} Qxd4 $1 {[%emt 0:00:39] Pin} 40. Bc2 Rxe3 41. Rxe3 Nxe3 42. Be4 Ng4+ 43. Kf1 Qd6 0-1

[Event "Gibraltar Challengers B 2020"]
[Site "Caleta"]
[Date "2020.01.27"]
[Round "4.1"]
[White "Nebel, Jens"]
[Black "Oragwu, Chukwunonso"]
[Result "1/2-1/2"]
[ECO "B38"]
[WhiteElo "2168"]
[BlackElo "2220"]
[Annotator "ChessBase"]
[PlyCount "96"]
[EventDate "2020.01.20"]
[EventType "swiss"]
[EventCountry "GGB"]
[SourceTitle "playchess.com"]
[Source "ChessBase"]
[SourceQuality "1"]
[TimeControl "6600+10"]

1. e4 c5 2. Nf3 Nc6 3. d4 cxd4 4. Nxd4 g6 5. c4 Bg7 6. Be3 Nf6 7. Nc3 O-O 8. Be2 d6 9. O-O Bd7 10. h3 Nxd4 11. Bxd4 Bc6 12. Qd3 a5 13. b3 Nd7 14. Bxg7 Kxg7 15. Rad1 f6 16. h4 Nc5 17. Qe3 Qb6 18. Rb1 Qb4 19. h5 Nd7 20. Bg4 Qc5 21. Qg3 Ne5 22. Be6 Bd7 23. Bxd7 Nxd7 24. Nd5 Rf7 25. Nf4 Nf8 26. Rbd1 Qg5 27. Rd3 Qxg3 28. Rxg3 Rc8 29. Rd1 Rc5 30. hxg6 hxg6 31. Nd5 Kg8 32. f4 Rh7 33. Kf2 Kf7 34. Rgd3 Rc6 35. R3d2 Nd7 36. Kf3 Nc5 37. Ne3 Rh4 38. g3 Rh3 39. Rd4 Rc8 40. Ng4 Rg8 41. Nf2 Rh2 42. Rh1 Rxh1 43. Nxh1 g5 44. Nf2 gxf4 45. gxf4 Rg1 46. Rd1 Rxd1 47. Nxd1 e6 48. Nc3 Ke7 1/2-1/2

[Event "Gibraltar Challengers B 2020"]
[Site "Caleta"]
[Date "2020.01.27"]
[Round "4.3"]
[White "Zulkipli, Zaidan"]
[Black "Royset, Pal"]
[Result "0-1"]
[ECO "D35"]
[WhiteElo "2174"]
[BlackElo "2151"]
[Annotator "ChessBase"]
[PlyCount "86"]
[EventDate "2020.01.20"]
[EventType "swiss"]
[EventCountry "GGB"]
[SourceTitle "playchess.com"]
[Source "ChessBase"]
[SourceQuality "1"]
[TimeControl "6600+10"]

1. d4 Nf6 2. c4 e6 3. Nc3 d5 4. cxd5 exd5 5. Bg5 c6 6. e3 Be7 7. Bd3 Nbd7 8. Nge2 Nh5 9. Bxe7 Qxe7 10. g4 Nhf6 11. Ng3 Nb6 12. g5 Ne4 13. Bxe4 dxe4 14. Ncxe4 h6 15. gxh6 Rxh6 16. Nc5 Nc4 17. Qe2 Ne5 18. f3 b6 19. Nb3 Qb4+ 20. Kf2 Nc4 21. Qc2 Kf8 22. Qc3 a5 23. a3 Qxc3 24. bxc3 a4 25. Nc1 Ra5 26. h4 Rb5 27. Ra2 Be6 28. e4 Rb1 29. Nd3 Rxh1 30. Nxh1 Rxh4 31. Kg1 Ne5 32. Nxe5 Bxa2 33. Nd7+ Ke7 34. Nxb6 Bb3 35. Ng3 g6 36. c4 Bd1 37. Kg2 Rf4 38. d5 Rxf3 39. c5 Rxa3 40. dxc6 Kd8 41. Nd5 Ra2+ 42. Kf1 Bg4 43. e5 Bf3 0-1

[Event "Gibraltar Challengers B 2020"]
[Site "Caleta"]
[Date "2020.01.27"]
[Round "4.4"]
[White "Hristodorescu, Daniel"]
[Black "Dolzhikova, Olga"]
[Result "1-0"]
[ECO "B27"]
[WhiteElo "2172"]
[BlackElo "2123"]
[Annotator "ChessBase"]
[PlyCount "89"]
[EventDate "2020.01.20"]
[EventType "swiss"]
[EventCountry "GGB"]
[SourceTitle "playchess.com"]
[Source "ChessBase"]
[SourceQuality "1"]
[TimeControl "6600+10"]

1. e4 g6 2. d4 Bg7 3. Nf3 c5 4. dxc5 Qa5+ 5. Nc3 Bxc3+ 6. bxc3 Qxc3+ 7. Bd2 Qxc5 8. Bd3 Nf6 9. O-O O-O 10. e5 Nd5 11. Qe1 d6 12. c4 Nb6 13. Bb4 Qc7 14. Qe3 Bg4 15. exd6 exd6 16. Nd4 Nc6 17. Nxc6 Qxc6 18. Qf4 Be6 19. Rac1 Rad8 20. Be4 Qa4 21. Bc3 f5 22. Qh6 Qd7 23. Bd3 Bxc4 24. Rfd1 Bxd3 25. Rxd3 Qf7 26. h4 Rfe8 27. h5 Re6 28. Rcd1 Nc4 29. hxg6 Rxg6 30. Qh4 Re8 31. Qd4 Ne5 32. f4 Qg7 33. Qd5+ Qf7 34. fxe5 dxe5 35. Bxe5 Qxd5 36. Rxd5 Rge6 37. Bf4 Re2 38. Rxf5 Rxa2 39. Rg5+ Kf7 40. Rd7+ Re7 41. Rxe7+ Kxe7 42. Rg7+ Kf6 43. Rxb7 Kg6 44. Kh2 a5 45. Kh3 1-0

[Event "Gibraltar Challengers B 2020"]
[Site "Caleta"]
[Date "2020.01.27"]
[Round "4.5"]
[White "Ruperez, Miguel"]
[Black "De Abreu, Roberto N"]
[Result "1/2-1/2"]
[ECO "A04"]
[WhiteElo "2126"]
[BlackElo "2154"]
[Annotator "ChessBase"]
[PlyCount "90"]
[EventDate "2020.01.20"]
[EventType "swiss"]
[EventCountry "GGB"]
[SourceTitle "playchess.com"]
[Source "ChessBase"]
[SourceQuality "1"]
[TimeControl "6600+10"]

1. Nf3 c5 2. b3 d6 3. d4 cxd4 4. Nxd4 Nf6 5. g3 Nc6 6. Nxc6 bxc6 7. Bg2 d5 8. Bb2 e6 9. O-O Be7 10. c4 O-O 11. Nd2 Bb7 12. Qc2 Qb6 13. Rac1 Rac8 14. Rfd1 Rfd8 15. e3 a5 16. Rb1 Ba6 17. h3 Nd7 18. Nf3 h6 19. Bd4 Qc7 20. cxd5 cxd5 21. Qb2 Bf8 22. Rbc1 Qb7 23. Rxc8 Rxc8 24. Rc1 Nc5 25. Ne1 f6 26. Bc3 a4 27. b4 Ne4 28. a3 Bd6 29. Nf3 Rc7 30. Be1 Bc4 31. Nd4 Qc8 32. g4 h5 33. Qb1 hxg4 34. hxg4 Kf7 35. f4 Qh8 36. b5 Bxa3 37. b6 Bxc1 38. Qxc1 Rc8 39. b7 Rc7 40. Bxe4 dxe4 41. Nb5 Qh3 42. Nxc7 Qxg4+ 43. Kh2 Qe2+ 44. Kg3 Qf3+ 45. Kh2 Qe2+ 1/2-1/2

[Event "Gibraltar Challengers B 2020"]
[Site "Caleta"]
[Date "2020.01.27"]
[Round "4.6"]
[White "Tejaswini, Sagar"]
[Black "Osuna Vega, Enrique"]
[Result "1/2-1/2"]
[ECO "C41"]
[WhiteElo "2180"]
[BlackElo "2129"]
[Annotator "ChessBase"]
[PlyCount "73"]
[EventDate "2020.01.20"]
[EventType "swiss"]
[EventCountry "GGB"]
[SourceTitle "playchess.com"]
[Source "ChessBase"]
[SourceQuality "1"]
[TimeControl "6600+10"]

1. e4 d6 2. d4 Nf6 3. Nc3 e5 4. Nf3 Nbd7 5. Bc4 Be7 6. O-O O-O 7. Re1 c6 8. a4 a5 9. h3 Nb6 10. Ba2 Nfd7 11. Be3 exd4 12. Bxd4 Nc5 13. Bxc5 dxc5 14. Qxd8 Rxd8 15. Ne5 Rf8 16. Nc4 Nxc4 17. Bxc4 Bd7 18. Rad1 Rad8 19. Rd3 Bc8 20. Red1 g6 21. Ne2 Kg7 22. Nf4 Bg5 23. Rxd8 Rxd8 24. Rxd8 Bxd8 25. Be2 f5 26. exf5 Bxf5 27. g4 Bg5 28. gxf5 Bxf4 29. fxg6 Kxg6 30. Bd3+ Kg7 31. Kg2 h6 32. Kf3 Bc1 33. b3 Kf6 34. Ke4 Bb2 35. f4 Bc1 36. Be2 Ke6 37. Bg4+ 1/2-1/2

[Event "Gibraltar Challengers B 2020"]
[Site "Caleta"]
[Date "2020.01.27"]
[Round "4.7"]
[White "George, Lolomari Erekosima"]
[Black "Enkhtuul, Altan-Ulzii"]
[Result "0-1"]
[ECO "E91"]
[WhiteElo "2053"]
[BlackElo "2200"]
[Annotator "ChessBase"]
[PlyCount "92"]
[EventDate "2020.01.20"]
[EventType "swiss"]
[EventCountry "GGB"]
[SourceTitle "playchess.com"]
[Source "ChessBase"]
[SourceQuality "1"]
[TimeControl "6600+10"]

1. Nf3 g6 2. c4 Bg7 3. Nc3 Nf6 4. e4 d6 5. d4 O-O 6. Be2 c5 7. O-O Na6 8. Be3 h6 9. Rb1 Kh7 10. b3 Ng4 11. Bc1 Qa5 12. Bb2 Nb4 13. h3 Nf6 14. a3 Nc6 15. d5 Ne8 16. Qc2 Ne5 17. Nd2 Nd7 18. Kh1 Bd4 19. f4 Qd8 20. Nf3 Be3 21. e5 Ng7 22. Qe4 Bd4 23. Nxd4 cxd4 24. Qxd4 Nf5 25. Qf2 dxe5 26. Ne4 exf4 27. Qxf4 Nb6 28. g4 Ng7 29. Bd3 f5 30. Ng3 e6 31. Qe5 Rg8 32. gxf5 exf5 33. Ne4 Nd7 34. Qd4 Qh4 35. Kh2 fxe4 36. Rf7 Nf6 37. Rxf6 Qxh3+ 38. Kg1 Qg3+ 39. Kh1 Qh3+ 40. Kg1 Qg3+ 41. Kh1 Qxd3 42. Qe5 Qh3+ 43. Kg1 Qe3+ 44. Kh1 Bg4 45. Kh2 Qe2+ 46. Kg3 Rae8 0-1

[Event "Gibraltar Challengers B 2020"]
[Site "Caleta"]
[Date "2020.01.27"]
[Round "4.8"]
[White "Hamer, Martyn"]
[Black "Levay, Sorin"]
[Result "1-0"]
[ECO "B07"]
[WhiteElo "2069"]
[BlackElo "2192"]
[Annotator "ChessBase"]
[PlyCount "151"]
[EventDate "2020.01.20"]
[EventType "swiss"]
[EventCountry "GGB"]
[SourceTitle "playchess.com"]
[Source "ChessBase"]
[SourceQuality "1"]
[TimeControl "6600+10"]

1. d4 d6 2. e4 Nf6 3. Nc3 c6 4. Nf3 Bg4 5. h3 Bh5 6. Be3 e6 7. Be2 d5 8. e5 Nfd7 9. O-O Bb4 10. Nb1 Be7 11. Nbd2 c5 12. c3 Qb6 13. Qb3 Nc6 14. Rac1 c4 15. Qxb6 axb6 16. a3 b5 17. Bd1 Nb6 18. g4 Bg6 19. Ne1 h5 20. Kg2 hxg4 21. hxg4 Na4 22. Bxa4 bxa4 23. Nc2 Bd3 24. Rh1 Rxh1 25. Kxh1 f6 26. exf6 gxf6 27. Kg2 Kf7 28. Nb4 Nxb4 29. axb4 Rg8 30. f3 f5 31. g5 Rxg5+ 32. Kf2 Rh5 33. f4 Rh2+ 34. Kg3 Rh8 35. Nf3 Be4 36. Ng5+ Kg6 37. Re1 b5 38. Rg1 Kf6 39. Re1 Ra8 40. Bc1 Ra6 41. Re2 Kg6 42. Rh2 Bf6 43. Rh3 Ra7 44. Rh2 Rd7 45. Be3 Rd8 46. Rh3 Be7 47. Nxe6 Rg8 48. Ng5 Re8 49. Rh2 Bd6 50. Kf2 Be7 51. Rh3 Bd3 52. Rg3 Kf6 53. Rh3 Kg6 54. Rg3 Rh8 55. Rh3 Rxh3 56. Nxh3 Bh4+ 57. Kf3 Be1 58. Bc1 a3 59. bxa3 Bxc3 60. Ke3 Kh5 61. Ng5 Kg4 62. Ne6 Be1 63. Nc7 Bf1 64. Nxd5 c3 65. Ne7 Bg3 66. Ng6 Be1 67. Ne7 Bg2 68. d5 Be4 69. d6 Kg3 70. Kd4 c2 71. d7 Bf2+ 72. Ke5 Bb6 73. Nxf5+ Bxf5 74. Kxf5 Kf3 75. Ke6 Ke2 76. f5 1-0

[Event "Gibraltar Challengers B 2020"]
[Site "Caleta"]
[Date "2020.01.27"]
[Round "4.9"]
[White "Prieto Martin, Alfonso"]
[Black "Martinez Lopez, Jaume"]
[Result "1-0"]
[ECO "B06"]
[WhiteElo "2181"]
[BlackElo "2042"]
[Annotator "ChessBase"]
[PlyCount "53"]
[EventDate "2020.01.20"]
[EventType "swiss"]
[EventCountry "GGB"]
[SourceTitle "playchess.com"]
[Source "ChessBase"]
[SourceQuality "1"]
[TimeControl "6600+10"]

1. e4 g6 2. d4 Bg7 3. Nc3 d6 4. f4 a6 5. Nf3 b5 6. Bd3 Nd7 7. Ne2 c5 8. c3 Bb7 9. O-O Ngf6 10. e5 Nd5 11. Ng5 Nf8 12. Kh1 Qc7 13. Ng3 f6 14. exd6 exd6 15. Re1+ Ne7 16. f5 fxg5 17. Bxg5 O-O-O 18. Rxe7 Qc6 19. Rxb7 Qxb7 20. Bxd8 Kxd8 21. dxc5 d5 22. Be4 Nd7 23. Bxd5 Qc7 24. Be6 Ke8 25. Ne4 Be5 26. Qd5 gxf5 27. Bxd7+ 1-0

[Event "Gibraltar Challengers B 2020"]
[Site "Caleta"]
[Date "2020.01.27"]
[Round "4.10"]
[White "Raghav, Srivathsav V"]
[Black "Galvan, Jesus"]
[Result "0-1"]
[ECO "B20"]
[WhiteElo "2023"]
[BlackElo "2180"]
[Annotator "ChessBase"]
[PlyCount "56"]
[EventDate "2020.01.20"]
[EventType "swiss"]
[EventCountry "GGB"]
[SourceTitle "playchess.com"]
[Source "ChessBase"]
[SourceQuality "1"]
[TimeControl "6600+10"]

1. e4 c5 2. b3 Nc6 3. Bb2 e5 4. g3 d5 5. exd5 Qxd5 6. Qf3 Qd6 7. Bb5 Bd7 8. Nc3 a6 9. Bc4 Nf6 10. Nge2 Nd4 11. Nxd4 cxd4 12. Qxb7 Rb8 13. Qxa6 Bc6 14. O-O dxc3 15. Bxc3 Nd7 16. Rfe1 Ra8 17. Bxe5 Nxe5 18. Qb6 Kd7 19. Bb5 Nf3+ 20. Kf1 Nxh2+ 21. Kg1 Nf3+ 22. Kf1 Nxe1 23. Qb7+ Kd8 24. Bxc6 Rb8 25. Qa7 Nxc2 26. Rc1 Nb4 27. Ba4 Qa6+ 28. Qxa6 Nxa6 0-1

[Event "Gibraltar Challengers B 2020"]
[Site "Caleta"]
[Date "2020.01.27"]
[Round "4.11"]
[White "Hladik, Lumir"]
[Black "Ask, Josef"]
[Result "0-1"]
[ECO "C60"]
[WhiteElo "2018"]
[BlackElo "2174"]
[Annotator "ChessBase"]
[PlyCount "64"]
[EventDate "2020.01.20"]
[EventType "swiss"]
[EventCountry "GGB"]
[SourceTitle "playchess.com"]
[Source "ChessBase"]
[SourceQuality "1"]
[TimeControl "6600+10"]

1. e4 e5 2. Nf3 Nc6 3. Bb5 Nge7 4. d4 exd4 5. Nxd4 Ng6 6. O-O Bc5 7. Nf5 O-O 8. Qd5 Bb6 9. Be3 Nce5 10. Bxb6 axb6 11. Qd2 d5 12. f4 Ng4 13. Qc3 Bxf5 14. exf5 Ne7 15. Be2 d4 16. Qd3 Ne3 17. f6 gxf6 18. Rf3 Qd5 19. Rg3+ Kh8 20. Bf3 Qc4 21. Nd2 Qxd3 22. cxd3 N7d5 23. Nf1 c6 24. a3 Nf5 25. Be4 Nxg3 26. Nxg3 Ne3 27. f5 Rfe8 28. Re1 Rad8 29. Re2 Re5 30. Rf2 Rc5 31. h3 Rg8 32. Nh5 Rc1+ 0-1

[Event "Gibraltar Challengers B 2020"]
[Site "Caleta"]
[Date "2020.01.27"]
[Round "4.12"]
[White "Gonzalvez Perales, Jose Luis"]
[Black "Sanchez Jerez, Emilio Miguel"]
[Result "0-1"]
[ECO "A45"]
[WhiteElo "1992"]
[BlackElo "2168"]
[Annotator "ChessBase"]
[PlyCount "58"]
[EventDate "2020.01.20"]
[EventType "swiss"]
[EventCountry "GGB"]
[SourceTitle "playchess.com"]
[Source "ChessBase"]
[SourceQuality "1"]
[TimeControl "6600+10"]

1. d4 e6 2. Bf4 Nf6 3. e3 c5 4. c3 Nc6 5. Nd2 Be7 6. Bd3 O-O 7. Ngf3 Nh5 8. Bg3 g6 9. Ne5 Nxg3 10. hxg3 cxd4 11. exd4 d6 12. Nef3 e5 13. dxe5 dxe5 14. Nc4 Bf6 15. Qd2 Bg7 16. O-O-O Qc7 17. Qg5 Re8 18. Qh4 h6 19. Ne3 Ne7 20. g4 f6 21. Bc4+ Kf8 22. g5 fxg5 23. Nxg5 hxg5 24. Qxg5 Bf5 25. Rh7 e4 26. Rdh1 Qe5 27. Qh6 Ng8 28. Rh8 Bxh6 29. Rxg8+ Ke7 0-1

[Event "Gibraltar Challengers B 2020"]
[Site "Caleta"]
[Date "2020.01.27"]
[Round "4.13"]
[White "Alami, Halim"]
[Black "Voiteanu, Gabriel"]
[Result "1-0"]
[ECO "D00"]
[WhiteElo "1987"]
[BlackElo "2133"]
[Annotator "ChessBase"]
[PlyCount "43"]
[EventDate "2020.01.20"]
[EventType "swiss"]
[EventCountry "GGB"]
[SourceTitle "playchess.com"]
[Source "ChessBase"]
[SourceQuality "1"]
[TimeControl "6600+10"]

1. d4 d5 2. f4 c5 3. e3 Bf5 4. Nf3 e6 5. Be2 Nf6 6. O-O Bd6 7. c3 Nbd7 8. Ne5 h5 9. Nd2 Be4 10. Nxe4 dxe4 11. Bb5 a6 12. Be2 g6 13. Bd2 Qc7 14. Qb1 O-O 15. Be1 b5 16. Bh4 Qb7 17. Qe1 Nd5 18. Qg3 Kh7 19. Qh3 N7b6 20. g4 hxg4 21. Nxg4 Kg7 22. Bf6+ 1-0

[Event "Gibraltar Challengers B 2020"]
[Site "Caleta"]
[Date "2020.01.27"]
[Round "4.14"]
[White "Kandic, Milan"]
[Black "Herzwurm, Robert"]
[Result "1/2-1/2"]
[ECO "A48"]
[WhiteElo "2132"]
[BlackElo "1979"]
[Annotator "ChessBase"]
[PlyCount "78"]
[EventDate "2020.01.20"]
[EventType "swiss"]
[EventCountry "GGB"]
[SourceTitle "playchess.com"]
[Source "ChessBase"]
[SourceQuality "1"]
[TimeControl "6600+10"]

1. d4 Nf6 2. Nf3 g6 3. Bg5 Bg7 4. Bxf6 Bxf6 5. e4 d6 6. Nc3 O-O 7. h3 c5 8. d5 b5 9. Bxb5 Qb6 10. Rb1 Bd7 11. Bc4 Na6 12. O-O Nc7 13. Qd3 Rab8 14. Rfe1 Bg7 15. Nh4 Qa5 16. f4 Rxb2 17. e5 Rfb8 18. Rxb2 Rxb2 19. Nf3 Bf5 20. Ne4 h5 21. Re2 Qb6 22. exd6 Qxd6 23. Qd2 Bxe4 24. Rxe4 Qf6 25. Ng5 Qd6 26. Nf3 Qf6 27. Qe2 Ne8 28. Rxe7 Nd6 29. Bd3 Qxf4 30. Qf2 Bf6 31. Re1 Bc3 32. Rd1 c4 33. Bf1 Ne4 34. Qxa7 Rxc2 35. d6 Nd2 36. Qa8+ Kg7 37. d7 Bf6 38. Rxd2 Rxd2 39. Nxd2 Qxd2 1/2-1/2

[Event "Gibraltar Challengers B 2020"]
[Site "Caleta"]
[Date "2020.01.27"]
[Round "4.15"]
[White "Severijnen, Arjon"]
[Black "Garcia Rodriguez, Inaki"]
[Result "1-0"]
[ECO "C32"]
[WhiteElo "2120"]
[BlackElo "1944"]
[Annotator "ChessBase"]
[PlyCount "59"]
[EventDate "2020.01.20"]
[EventType "swiss"]
[EventCountry "GGB"]
[SourceTitle "playchess.com"]
[Source "ChessBase"]
[SourceQuality "1"]
[TimeControl "6600+10"]

1. e4 e5 2. f4 d5 3. exd5 e4 4. d3 Nf6 5. dxe4 Nxe4 6. Be3 Qh4+ 7. g3 Nxg3 8. Nf3 Qe7 9. hxg3 Qxe3+ 10. Qe2 Bc5 11. Qxe3+ Bxe3 12. Bd3 Bc1 13. Nbd2 Bxb2 14. Rb1 Bc3 15. Kf2 Bxd2 16. Nxd2 g6 17. Ne4 Kf8 18. Ng5 Kg7 19. Rhe1 h6 20. Nf3 Kf6 21. Ne5 b6 22. Bc4 Rf8 23. Rbd1 Bb7 24. Ng4+ Kg7 25. Re7 Na6 26. d6 Nc5 27. dxc7 Rae8 28. Rxe8 Rxe8 29. Rd8 Kf8 30. Nf6 1-0

[Event "Gibraltar Challengers B 2020"]
[Site "Caleta"]
[Date "2020.01.27"]
[Round "4.16"]
[White "Lopez Gonzalez, Alfonso"]
[Black "Pakmor, Claus"]
[Result "1-0"]
[ECO "D03"]
[WhiteElo "2199"]
[BlackElo "1937"]
[Annotator "ChessBase"]
[PlyCount "73"]
[EventDate "2020.01.20"]
[EventType "swiss"]
[EventCountry "GGB"]
[SourceTitle "playchess.com"]
[Source "ChessBase"]
[SourceQuality "1"]
[TimeControl "6600+10"]

1. d4 d5 2. Bg5 h6 3. Bh4 Nd7 4. Nf3 Ngf6 5. e3 e6 6. Nbd2 Be7 7. Bd3 c5 8. c3 b6 9. Qe2 Bb7 10. Ne5 O-O 11. g4 Nxe5 12. dxe5 Nd7 13. Bg3 c4 14. Bc2 d4 15. Be4 Bxe4 16. Nxe4 d3 17. Qd1 f6 18. h4 f5 19. Nd2 b5 20. g5 Qe8 21. Bf4 h5 22. g6 Qxg6 23. Nf3 Kh8 24. Nd4 a6 25. Qf3 Nc5 26. O-O-O Qf7 27. Rdg1 g6 28. Rg2 Rg8 29. Rhg1 Ne4 30. Rxg6 Qxg6 31. Rxg6 Rxg6 32. Qxh5+ Kg7 33. Nxe6+ Kf7 34. Ng5+ Bxg5 35. Qh7+ Rg7 36. Qxf5+ Bf6 37. Qxe4 1-0